 Dungeon Crawl Stone Soup version 0.30-a0-830-gfe289a77b0 (webtiles) character file.

Game seed: 13420687293710592058

450 jessy the Shield-Bearer (level 7, -4/54 HPs)
             Began as a Human Fighter on Feb 27, 2023.
             Was a Priest of Fedhas.
             Slain by an ogre
             ... wielding a +0 giant club
              (33 damage)
             ... on level 5 of the Dungeon on Feb 28, 2023.
             The game lasted 00:16:07 (3781 turns).

jessy the Shield-Bearer (Human Fighter)             Turns: 3781, Time: 00:16:08

Health: -4/54      AC: 11    Str: 18    XL:     7   Next: 25%
Magic:  7/7        EV:  9    Int:  9    God:    Fedhas [***...]
Gold:   106        SH:  5    Dex: 12    Spells: 6/6 levels left

rFire   x . .      SeeInvis .    z - +3 halberd
rCold   + + .      Faith    .    (shield currently unavailable)
rNeg    . . .      Spirit   .    g - +0 ice dragon scales
rPois   .          Reflect  +    (no helmet)
rElec   .          Harm     .    k - +0 cloak
rCorr   .          Rampage  .    (no gloves)
Will    .....                    (no boots) Stlth
                                 n - amulet of reflection
HPRegen 0.29/turn                (no ring)
MPRegen 0.10/turn                (no ring)

@: no status effects
A: no striking features
a: Renounce Religion, Wall of Briars, Grow Ballistomycete


You were on level 5 of the Dungeon.
You worshipped Fedhas.
Fedhas was most pleased with you.
You visited 1 branch of the dungeon, and saw 5 of its levels.

You collected 106 gold pieces.

Inventory:

Hand Weapons
 a - a +0 long sword
 f - a +0 dagger
 h - a +0 spear
 i - a +0 hand axe
 l - a +1 mace of protection
 w - a +0 falchion
 z - a +3 halberd (weapon)
Missiles
 t - 33 stones (quivered)
Armour
 b - a +0 scale mail
 c - a +0 buckler
 g - +0 ice dragon scales (worn)
 k - a +0 cloak (worn)
Jewellery
 n - an amulet of reflection (around neck)
 u - an amulet of reflection
Wands
 x - a wand of flame (21)
Scrolls
 d - a scroll of identify {unknown}
 e - 2 scrolls of enchant weapon {unknown}
 j - a scroll of amnesia {unknown}
 r - a scroll of enchant armour {unknown}
 s - a scroll of magic mapping {unknown}
 y - a scroll of noise {unknown}
 B - a scroll of fear {unknown}
Potions
 m - a potion of invisibility {unknown}
 o - 2 potions of flight {unknown}
 p - a potion of heal wounds {unknown}
 q - 2 potions of curing {unknown}
 v - a potion of mutation {unknown}
 A - a potion of might
 C - a potion of attraction {unknown}


   Skills:
 + Level 4.2 Fighting
 + Level 2.4 Long Blades
 + Level 3.2 Maces & Flails
 + Level 1.0 Polearms
 + Level 4.2 Armour
 + Level 1.7 Dodging
 + Level 4.3 Shields


You had 6 spell levels left.
You didn't know any spells.
Your spell library contained the following spells:

 Spells                   Type           Power      Damage    Failure   Level
 Ozocubu's Armour         Ice            0%         N/A       99%         3
 Iskenderun's Battlesphe  Conj           0%         2d6       100%        5
 Iron Shot                Conj/Erth      0%         9d1       100%        6
 Ozocubu's Refrigeration  Ice            0%         4d7       100%        7
 Spellforged Servitor     Conj/Summ      0%         N/A       100%        7


Dungeon Overview and Level Annotations

Branches:
Dungeon (5/15)
 Temple: D:4-7

Altars:
Fedhas


Message History

You puncture the iguana!
The iguana is heavily wounded.
The iguana bites you but does no damage.
You closely miss the iguana.
The iguana is heavily wounded.
The iguana barely misses you. You block the iguana's attack.
You barely miss the iguana.
The iguana is heavily wounded.
The iguana bites you.
You puncture the iguana!
You kill the iguana!
Fedhas appreciates your contribution to the ecosystem.
Your Polearms skill increases to level 1!
You see here an iguana corpse.
Found a stone staircase leading up.
You now have 106 gold pieces (gained 9).
An ogre comes into view. It is wielding a +0 giant club.
The ogre shouts!
There is a stone staircase leading up here.
You slash the ogre!
The ogre is severely wounded.
The ogre closely misses you.
You barely miss the ogre.
The ogre is severely wounded.
The ogre closely misses you.
You hit the ogre.
The ogre is severely wounded.
The ogre hits you with a +0 giant club!
You hit the ogre.
The ogre is severely wounded.
The ogre hits you with a +0 giant club!
You barely miss the ogre.
The ogre is severely wounded.
The ogre barely misses you.
You hit the ogre.
The ogre is almost dead.
The ogre hits you with a +0 giant club!!
Ouch! That really hurt!
You die...
Fedhas appreciates your contribution to the ecosystem.

.###......†.....
............... #
.............. ##.
##............ #..#
#......<..... #...#
##........... #
...#######..........
#..#.#.......#..#.#...
#...O@.#######.##..##.
#.##.### ..# #.# . #.
#.## .# #. .. .# #.
.## #. #. #. .#


You could see an ogre.

Vanquished Creatures
  A scorpion (D:4)
  A howler monkey (D:4)
  2 hounds (D:4)
  An iguana (D:5)
  Ijyb (D:3)
  Terence (D:2)
  Robin (D:2)
  6 gnolls
  5 adders
  3 dart slugs
  6 orcs
  9 endoplasms
  A giant cockroach (D:1)
  17 goblins
  8 hobgoblins
  2 jackals (D:2)
  6 quokkas
  6 ball pythons
  9 bats
  5 kobolds
  7 rats
98 creatures vanquished.

Notes
Turn   | Place    | Note
-------+----------+-------------------------------------------
     0 | D:1      | jessy the Human Fighter began the quest for the Orb.
     0 | D:1      | Reached XP level 1. HP: 18/18 MP: 1/1
   280 | D:1      | Reached XP level 2. HP: 24/24 MP: 2/2
   534 | D:1      | Reached XP level 3. HP: 29/29 MP: 3/3
   813 | D:1      | Found a faded altar of an unknown god.
   841 | D:1      | Prayed at the altar of an unknown god.
   841 | D:1      | Became a worshipper of Fedhas Madash
   841 | D:1      | Reached * piety under Fedhas
  1098 | D:2      | Noticed Robin
  1112 | D:2      | Reached XP level 4. HP: 20/35 MP: 4/4
  1121 | D:2      | Killed Robin
  1126 | D:2      | Reached skill level 1 in Maces & Flails
  1290 | D:2      | Noticed Terence
  1309 | D:2      | Killed Terence
  1310 | D:2      | Reached skill level 1 in Dodging
  1310 | D:2      | Reached XP level 5. HP: 33/41 MP: 5/5
  1408 | D:2      | Upgraded the game from 0.30-a0-824-g6c64550be9 to
                  | 0.30-a0-830-gfe289a77b0
  1489 | D:2      | Reached ** piety under Fedhas
  2241 | D:3      | Noticed Ijyb
  2264 | D:3      | Killed Ijyb
  2326 | D:3      | Reached XP level 6. HP: 48/48 MP: 6/6
  3122 | D:4      | Reached XP level 7. HP: 46/54 MP: 7/7
  3382 | D:4      | Reached *** piety under Fedhas
  3744 | D:5      | Entered Level 5 of the Dungeon
  3755 | D:5      | Reached skill level 1 in Polearms
  3781 | D:5      | Slain by an ogre

Illustrated notes

Levels and vault maps discovered:
D:1:      minmay_arrival_shoal_huts, layout_basic, basic_ecumenical_altar,
          minmay_close_crescents
D:2:      layout_loops_ring, hangedman_abyss_or_decor_stabs, uniq_terence,
          uniq_robin
D:3:      layout_basic, eino_curves_02, uniq_ijyb
D:4:      layout_basic
D:5:      layout_rooms

Skill      XL: |  1  2  3  4  5  6  7 |
---------------+----------------------+-----
Maces & Flails | 1 2 3 |  3.2
Dodging        | 1 |  1.7
Fighting       | 4 |  4.2
Armour         | 4 |  4.2
Shields        | 4 |  4.3
Polearms       | 1 |  1.0
Long Blades    | |  2.4

Action                     |  1- 3 |  4- 6 |  7- 9 || total
---------------------------+-------+-------+-------++-------
  Melee: Long sword        |    74 |       |       ||    74
         Mace              |    42 |   186 |       ||   228
         Halberd           |       |     7 |    47 ||    54
  Throw: Stone             |       |     2 |       ||     2
    Use: Potion            |       |     1 |       ||     1
 Armour: Ice dragon scales |   130 |   139 |    27 ||   296
         Scale mail        |     1 |       |       ||     1
  Dodge: Dodged            |   101 |   115 |    26 ||   242
  Block: Buckler           |    48 |   138 |       ||   186
         Reflection        |       |     3 |       ||     3
         Other             |       |     3 |    13 ||    16

Table legend: (Time is in decaauts)
 A = Elapsed time spent in this place.
 B = Non-inter-level travel time spent in this place.
 C = Inter-level travel time spent in this place.
 D = Time resting spent in this place.
 E = Time spent auto-exploring this place.
 F = Levels seen in this place.
 G = Mean time per level.
                   A        B        C        D        E       F      G
               +--------+--------+--------+--------+--------+-----+--------+
         Total |   3931 |   3841 |     90 |    229 |      6 |   5 |  786.2 |
       Dungeon |   3931 |   3841 |     90 |    229 |      6 |   5 |  786.2 |
               +--------+--------+--------+--------+--------+-----+--------+

Top non-repeatable levels by time:
     D:1: 1117 daAuts
     D:2: 1032 daAuts
     D:4: 1015 daAuts
     D:3: 724 daAuts
     D:5: 42 daAuts
